 Dungeon Crawl Stone Soup version 0.31-a0-152-g6aa68a64a1 (webtiles) character file.

Game seed: 5660460235925201375

32 promet the Sneak (level 3, -4/18 HPs)
             Began as a Vine Stalker Brigand on June 9, 2023.
             Killed from afar by a hobgoblin (7 damage)
             ... with a puff of flame
             ... on level 2 of the Dungeon.
             The game lasted 00:06:16 (1548 turns).

promet the Sneak (Vine Stalker Brigand)             Turns: 1548, Time: 00:06:16

Health: -4/18      AC:  4    Str: 13    XL:     3   Next: 27%
Magic:  0/4        EV: 11    Int: 11    God:
Gold:   37         SH:  0    Dex: 17    Spells: 2/2 levels left

rFire   . . .        a - +1 dagger (speed)
rCold   . . .        (no shield)
rNeg    . . .        m - +0 robe
rPois   .            k - +0 helmet
rElec   .            c - +0 cloak
rCorr   .            (no gloves)
SInv    .            (no boots)
Will    .....        (no amulet)
Stlth   +++          (no ring)
HPRegen 0.23/turn    (no ring)
MPRegen 0.09/turn

%: guardian spirit
@: no status effects
A: fangs 2, magic shield, antimagic bite, no potion heal 2
a: no special abilities


You were on level 2 of the Dungeon.
You visited 1 branch of the dungeon, and saw 2 of its levels.

You collected 37 gold pieces.

Inventory:

Hand Weapons
 a - a +1 dagger of speed (weapon)
 b - a +0 sling
 g - a +2 dagger
 h - a +0 spear
Missiles
 d - 15 poisoned darts (quivered)
 e - 3 curare-tipped darts
 f - 16 stones
Armour
 c - a +0 cloak (worn)
 k - a +0 helmet (worn)
 m - a +0 robe (worn)
Scrolls
 j - a scroll of teleportation {unknown}
 n - a scroll of identify {unknown}
Potions
 i - a potion of lignification {unknown}
 l - a potion of curing {unknown}
 o - a potion of degeneration {unknown}


   Skills:
 + Level 1.8 Fighting
 + Level 1.9 Short Blades
 + Level 1.9 Throwing
 + Level 0.8 Dodging
 * Level 6.0 Stealth


You had 2 spell levels left.
You didn't know any spells.
Your spell library was empty.

Dungeon Overview and Level Annotations

Branches:
Dungeon (2/15)

Altars:


Innate Abilities, Weirdness & Mutations

You have extremely sharp teeth.
When hurt, damage is shared between your health and your magic reserves.
Your bite disrupts and absorbs the magic of your enemies.
Potions cannot restore your health.


Message History

The kobold misses you.
You hit the kobold but do no damage.
The kobold is severely wounded.
The kobold barely misses you.
You closely miss the kobold. You bite the kobold.
You kill the kobold!
The bat closely misses you.
You hit the bat but do no damage. Your bite misses the bat.
The bat completely misses you.
You hit the bat but do no damage. The bat barely misses you.
The bat hits you but does no damage.
Things that are here:
a +0 dagger; 20 gold pieces You closely miss the bat.
Your bite misses the bat. The bat closely misses you. x2
You closely miss the bat. The bat hits you. The bat completely misses you.
You barely miss the bat. The bat hits you but does no damage.
The bat closely misses you.
You closely miss the bat. The bat closely misses you.
You hit the bat. You bite the bat.
You kill the bat!
No target in view!
You now have 37 gold pieces (gained 20).
You see here a +0 dagger.
You start resting.
A hobgoblin comes into view.
It is wearing an orb of energy and carrying a wand of flame (16).
The hobgoblin shouts!
The hobgoblin zaps a wand.
The puff of flame hits you!
The hobgoblin zaps a wand.
The puff of flame hits you!
Ouch! That really hurt!
* * * LOW HITPOINT WARNING * * *
Okay, then.
The hobgoblin misses you.
You hit the hobgoblin.
The hobgoblin is severely wounded.
The hobgoblin barely misses you.
You barely miss the hobgoblin.
You bite the hobgoblin, but do no damage.
The hobgoblin is severely wounded.
The hobgoblin zaps a wand.
The puff of flame hits you!
You die...

...###
#.......#
P....
........'.#
...#
........#.#
#...#
#......#.#
....### #.#.#
..#... #)#.#
.###.. #.#.#
.# #.########
#.#.#######
.# #.#......#
#.@........
.###.#.###♣.♣
###g#######
.......# ♣.♣
#.#
####.#####♣.♣
#.#
#......♣.♣
#.#
#######♣.♣
#.# ♣.♣ #.#
#.# #.#
#.#####.#


You could see a hobgoblin.

Vanquished Creatures
  An adder (D:2)
  2 dart slugs (D:1)
  2 bats
  4 endoplasms (D:1)
  A giant cockroach (D:1)
  2 hobgoblins
  A frilled lizard (D:1)
  A goblin (D:1)
  4 kobolds
  A rat (D:1)
19 creatures vanquished.

Notes
Turn   | Place    | Note
-------+----------+-------------------------------------------
     0 | D:1      | promet the Vine Stalker Brigand began the quest for the
                  | Orb.
     0 | D:1      | Reached XP level 1. HP: 11/11 MP: 2/2
   109 | D:1      | Reached skill level 5 in Stealth
   272 | D:1      | Reached XP level 2. HP: 14/15 MP: 3/3
   555 | D:1      | Upgraded the game from 0.31-a0-150-g89dc3ad700 to
                  | 0.31-a0-152-g6aa68a64a1
  1183 | D:2      | Reached XP level 3. HP: 16/18 MP: 4/4
  1518 | D:2      | Reached skill level 6 in Stealth
  1548 | D:2      | Killed from afar by a hobgoblin

Illustrated notes

Levels and vault maps discovered:
D:1:      psy_arrival_conway, layout_loops_ring, minmay_hexomino_p4
D:2:      layout_basic, serial_forest, infiniplex_forest_end_3,
          infiniplex_forest_straight_4, infiniplex_forest_straight_2,
          infiniplex_forest_clump_curved, infiniplex_forest_zigzag_1,
          infiniplex_forest_lined_corner, infiniplex_forest_clump_diagonal,
          infiniplex_forest_split, infiniplex_forest_lined_3,
          dreamdust_ecumenical_altar_sealed_demon, uniq_terence

Skill      XL: |  1  2  3 |
---------------+----------+-----
Stealth        | 5 6 |  6.0
Fighting       | |  1.8
Short Blades   | |  1.9
Throwing       | |  1.9
Dodging        | |  0.8

Action                     || total
---------------------------++-------
  Melee: Dagger            ||    67
         Bite              ||    12
   Fire: Sling             ||     1
   Stab: Sleeping          ||     6
 Armour: Robe              ||    19
  Dodge: Dodged            ||    24

Table legend: (Time is in decaauts)
 A = Elapsed time spent in this place.
 B = Non-inter-level travel time spent in this place.
 C = Inter-level travel time spent in this place.
 D = Time resting spent in this place.
 E = Time spent auto-exploring this place.
 F = Levels seen in this place.
 G = Mean time per level.
                   A        B        C        D        E       F      G
               +--------+--------+--------+--------+--------+-----+--------+
         Total |   1533 |   1496 |     37 |    657 |    307 |   2 |  766.5 |
       Dungeon |   1533 |   1496 |     37 |    657 |    307 |   2 |  766.5 |
               +--------+--------+--------+--------+--------+-----+--------+

Top non-repeatable levels by time:
     D:1: 1164 daAuts
     D:2: 369 daAuts
